[Event "British Rapidplay Championship 2023"]
[Site "Mercure Bradford, Bankfield Hotel"]
[Date "2023.04.15"]
[Round "6.5"]
[White "Sivanandan, Bodhana"]
[Black "Ismail, Mohammed Aayan"]
[Result "1/2-1/2"]
[TimeControl "15 minutes plus 10 seconds per move"]
[WhiteElo "1561"]
[BlackElo "2269"]

1. e4 c6 2. Nc3 d5 3. Nf3 dxe4 4.
Nxe4 Nf6 5. Qe2 Nxe4 6. Qxe4 Nd7 7. Bc4 Nf6 8. Ne5 e6 9. Qe2 Qc7 10. d4 Bd6 11. O-O O-O 12. c3 b5 13.
Bd3 Bb7 14. Bg5 Be7 15. Ng4 Nxg4 16. Qxg4 Bxg5 17. Qxg5 Rad8 18. Rfe1 h6 19. Qe5 Qe7 20. Qe4 g6 21. Qg4 Qf6 22.
Re3 Rd6 23. h4 h5 24. Qg5 Qxg5 25. hxg5 Rfd8 26. Be4 Kg7 27. f4 a5 28. a3 Ba6 29. b4 Bb7 30. Kf2 Ra8 31. Ree1 Ra7 32.
Ke3 Rd8 33. g3 Rda8 34. Rac1 axb4 35. axb4 Ra3 36. Re2 Rb3 37. Rec2 Raa3 38. Kf2 Kf8 39. Bf3 Ke7 40. g4 hxg4 41.
Bxg4 Ra8 42. Rh1 Raa3 43. Rhc1 f6 44. Bf3 fxg5 45. fxg5 Ra8 46. Rh1 Rf8 47. Ke3 Rxf3+ 48. Kxf3 c5+ 49.
Kf4 Bxh1 50. bxc5 b4 51. Rh2 Bd5 52. Rh7+ Kf8 53. cxb4 Rxb4 54. Ke5 Rb1 55. Kd6 Rc1 56. Rh8+ Kg7 57. Rc8 Rf1 58. c6 Rc1 59. Rc7+ Kf8 60. Rc8+ Kf7 61. Rc7+ Kf8 62.
Rc8+ Kf7 63. Rc7+ 1/2-1/2

[Event "British Rapidplay Championship 2023"]
[Site "Mercure Bradford, Bankfield Hotel"]
[Date "2023.04.15"]
[Round "6.6"]
[White "Walker, David J"]
[Black "Senior, Gary"]
[Result "0-1"]
[TimeControl "15 minutes plus 10 seconds per move"]
[WhiteElo "2250"]
[BlackElo "1911"]

1. c4 f5 2. Nc3 Nf6 3. g3 d6 4. Bg2 e5 5. e3 Be7 6. Nge2 c6 7. O-O Be6 8. b3 O-O 9. d4 Bf7 10.
c5 e4 11. cxd6 Bxd6 12. f3 exf3 13. Bxf3 Re8 14. Bg2 g6 15. Bd2 Na6 16. Nf4 Nc7 17. Qc2 Bxf4 18. Rxf4 Ncd5 19. Nxd5 Bxd5 20.
Bf1 b5 21. Re1 Qd6 22. Qc5 Qxc5 23. dxc5 Ne4 24. Bc1 Nxc5 25. Bg2 Bxg2 26. Kxg2 Nd3 0-1

[Event "British Rapidplay Championship 2023"]
[Site "Mercure Bradford, Bankfield Hotel"]
[Date "2023.04.15"]
[Round "6.7"]
[White "Hryshchenko, Kamila"]
[Black "Shaw, Peter"]
[Result "1-0"]
[TimeControl "15 minutes plus 10 seconds per move"]
[WhiteElo "2019"]
[BlackElo "2231"]

1. e4 d6 2. d4 Nf6 3. Nc3 c6 4. f3 Qc7 5. Be3 e5 6. Nge2 Be7 7. Qd2 b5 8. a4 b4 9. Nd1 a5 10.
Nf2 O-O 11. g4 Re8 12. h4 Nbd7 13.
h5 Nb6 14. b3 Nfd7 15. O-O-O c5 16. dxc5 dxc5 17. Ng3 c4 18. Kb1 Ba6 19. Nf5 Bf8 20. Bh3 c3 21. Qc1 Rab8 22. g5 Nxa4 23.
Rxd7 Qc6 24. g6 fxg6 25. hxg6 hxg6 26. Bg4 Nc5 27. Bxc5 Qxc5 28. Qg1 a4 29. Qh2 1-0

[Event "British Rapidplay Championship 2023"]
[Site "Mercure Bradford, Bankfield Hotel"]
[Date "2023.04.15"]
[Round "6.8"]
[White "Arkell, Keith C"]
[Black "Lau, Luke"]
[Result "1/2-1/2"]
[TimeControl "15 minutes plus 10 seconds per move"]
[WhiteElo "2447"]
[BlackElo "1917"]

1. d4 d5 2. Nf3 Nf6 3. c4 e6 4. cxd5 exd5 5. Nc3 c6 6. Qc2 g6 7. Bg5 Bg7 8. e3 Bf5 9. Bd3 Bxd3 10. Qxd3 O-O 11. b4 Qd6 12.
Bxf6 Qxf6 13. b5 Nd7 14. bxc6 bxc6 15. Rc1 Nb6 16. O-O Rfc8 17. Ne2 Qe7 18. Rc5 Rab8 19. Rfc1 Qb7 20. R5c2 a5 21. g3 a4 22. Nf4 Nc4 23. Nd2 Nxd2 24.
Qxd2 Bf8 25. Nd3 Bd6 26. Nc5 Bxc5 27. Rxc5 Qb2 28. Qxb2 Rxb2 29. Rxd5 Rxa2 30. Rdc5 Rb8 31. Rxc6 Rbb2 32.
Rf6 Kg7 33. Rf4 Rc2 34. Rxc2 Rxc2 35. d5 Rd2 36. Rxa4 Rxd5 37. g4 h5 38. h3 hxg4 39. hxg4 Rd2 40. Kg2 Rb2 41. g5 Rc2 42. Kg3 Re2 43. Ra3 Rb2 44. f3 Rb4 45. Ra1 Rc4 46.
f4 Rb4 47. Kf3 Rc4 48. Rb1 Ra4 49. Rd1 Rc4 50. Rd4 Rc3 51. Rd6 Rc4 52. e4 Kf8 53. f5 gxf5 54. exf5 Kg7 55. Rd7 Kg8 56. Re7 Kf8 57. Re4 Rc1 58.
Kf4 Kg7 59. Re3 Rc5 60. Kg4 Rc1 61. Rh3 Rg1+ 62. Kh5 Rg2 63. Kh4 Rg1 64. Rg3 Ra1 65. Re3 Rh1+ 66. Kg4 Rg1+ 67. Kf4 Ra1 68. Rf3 Ra4+ 69. Kg3 Rb4 70. Rf1 Ra4 71. Re1 Rc4 72. Re7 Kg8 73.
Rd7 Ra4 74. Kf3 Rb4 75. f6 Ra4 76. Re7 Rb4 77. Re4 Rb3+ 78. Kg4 Kh7 79. Re8 Rb1 80. Rf8 Rg1+ 81. Kf4 Rf1+ 82. Ke5 Re1+ 83.
Kf4 Rf1+ 84. Ke4 Re1+ 85. Kf3 Kg6 86. Rg8+ Kf5 87. Rg7 Rg1 88. Rxf7 Rxg5 89. Rf8 Ke6 90. Ke4 Re5+ 91. Kd4 Rd5+ 92. Kc4 Rf5 1/2-1/2

[Event "British Rapidplay Championship 2023"]
[Site "Mercure Bradford, Bankfield Hotel"]
[Date "2023.04.15"]
[Round "6.9"]
[White "Wells, Peter K"]
[Black "Cuaresma, Gerald"]
[Result "1/2-1/2"]
[TimeControl "15 minutes plus 10 seconds per move"]
[WhiteElo "2466"]
[BlackElo "1741"]

1. d4 Nf6 2. c4 c5 3. d5 e5 4. Nc3 d6 5. e4 Be7 6. h3 Nbd7 7. Nf3 a6 8. Bd3 O-O 9. g4 Rb8 10. a4 Ne8 11. Qe2 Kh8 12. h4 g6 13. Bh6 Ng7 14.
h5 g5 15. Qd2 f6 16. Nd1 Nb6 17. Ne3 Rg8 18. Nh2 Na8 19. Nhf1 b6 20. Ng3 Ne8 21. Ngf5 Nac7 22. b4 cxb4 23.
Qxb4 a5 24. Qc3 Na6 25. f3 Nc5 26. Bc2 Nc7 27. Ke2 N7a6 28. Raf1 Bd7 29. f4 gxf4 30. Rxf4 Nb4 31. Rff1 Nxc2 32.
Qxc2 Bxa4 33. Qb1 b5 34. g5 fxg5 35. Nxe7 Qxe7 36. Nf5 Qf6 37. Rhg1 bxc4 38. Bxg5 Qf7 39. Nxd6 Qxh5+ 40. Kd2 Qh2+ 41. Kc3 Rb3+ 42.
Qxb3 Qh3+ 43. Kd2 Nxb3+ 44. Ke1 Qc3+ 45. Kf2 Qc2+ 46. Ke1 Qb1+ 47. Kf2 Qc2+ 48. Ke1 Qb1+ 49. Kf2 Rf8+ 50. Kg2 Rxf1 51. Rxf1 h6 52. Bf6+ Kh7 53. Bxe5 Qc2+ 54. Rf2 Qd1 55. Rf7+ Kg6 56. Rf6+ Kh5 57. Rf5+ Kg6 58. Rf6+ Kh5 59.
Rf5+ Kg6 60. Rf6+ Kh5 61. Rf5+ 1/2-1/2

[Event "British Rapidplay Championship 2023"]
[Site "Mercure Bradford, Bankfield Hotel"]
[Date "2023.04.15"]
[Round "6.10"]
[White "Dong, Bao Nghia"]
[Black "Cheng, Louis"]
[Result "1-0"]
[TimeControl "15 minutes plus 10 seconds per move"]
[WhiteElo "2331"]
[BlackElo "1617"]

1. e4 c5 2. Nf3 g6 3. Bc4 Bg7 4. d3 Nc6 5. c3 d6 6. h3 Nf6 7. O-O O-O 8. Re1 e5 9. Nbd2 Be6 10.
Bb3 Qc7 11. Nf1 d5 12. Ng5 Qd6 13. Nxe6 fxe6 14. Bg5 Rf7 15. Ne3 Ne7 16. Ng4 Raf8 17. Bxf6 Bxf6 18. Nh6+ Kg7 19. Nxf7 Rxf7 20.
Qe2 Nc6 21. Rad1 Na5 22. d4 Nxb3 23. axb3 cxd4 24. cxd4 dxe4 25. dxe5 Qxe5 26. Qxe4 Qxb2 27. Qxe6 Bd4 28. Re2 Bxf2+ 29. Kf1 Bd4+ 30. Qxf7+ Kxf7 31. Rxb2 Bxb2 32. Rd7+ Kg8 33. Rxb7 Bd4 34. Ke2 h5 35. Kd3 Bb6 36. Kc4 Kf8 37. Kb5 Bg1 38. Ka6 Ke8 39. Rg7 Kd8 40. Rxg6 h4 41. g3 hxg3 42. Rxg3 Bf2 43. Rg4 Ke7 44.
h4 Kf6 45. h5 Be3 46. b4 Kf5 47. Rg8 Ke4 48. Re8+ Kd4 49. Rxe3 Kxe3 50. h6 Kd4 51. h7 Kc4 52. b5 Kc5 53. h8=Q Kb4 54. Qd4+ Ka3 55.
Ka5 Ka2 56. Qb4 a6 57. bxa6 Ka1 58. Qd2 Kb1 59. Kb4 Ka1 60. Kb3 Kb1 61. Qd1# 1-0

[Event "British Rapidplay Championship 2023"]
[Site "Mercure Bradford, Bankfield Hotel"]
[Date "2023.04.15"]
[Round "6.11"]
[White "Patrick, Chaski"]
[Black "Surtees, Mike J"]
[Result "0-1"]
[TimeControl "15 minutes plus 10 seconds per move"]
[WhiteElo "2032"]
[BlackElo "2111"]

1. Nf3 c6 2. g3 d6 3. Bg2 e5 4. e4 f5 5. exf5 Bxf5 6. d4 Nd7 7. O-O Qc7 8. Nc3 Ngf6 9. Re1 O-O-O 10. h3 h6 11. dxe5 dxe5 12. Qe2 Bc5 13. Be3 Rhe8 14. Rad1 Bb6 15. b4 Bh7 16. a4 Kb8 17. a5 Bxe3 18.
Qxe3 a6 19. Rd2 Ka8 20. Red1 e4 21. Nd4 Nd5 22. Nxd5 cxd5 23. Nb3 Nf6 24. Nd4 Rc8 25. Bf1 Qc3 26. Qxc3 Rxc3 27. b5 axb5 28.
Nxb5 Rc5 29. c4 Rd8 30. Ra1 e3 31. fxe3 Ne4 32. Rb2 dxc4 33. a6 b6 34. Bg2 c3 35. Rc2 Rxb5 36. Rxc3 Ra5 37. Rxa5 bxa5 38. Rc4 Rd1+ 39.
Kh2 Rd2 40. h4 Kb8 41. h5 Nf6 42.
g4 Be4 43. a7+ Kxa7 44. Rc7+ Kb6 45. Rxg7 Rxg2+ 46. Kh3 Rf2 47. Rf7 a4 48. g5 Rf3+ 49. Kh4 hxg5+ 50. Kxg5 Nh7+ 0-1

[Event "British Rapidplay Championship 2023"]
[Site "Mercure Bradford, Bankfield Hotel"]
[Date "2023.04.15"]
[Round "6.13"]
[White "Walton, Alan J"]
[Black "Kisteneva, Liza"]
[Result "0-1"]
[TimeControl "15 minutes plus 10 seconds per move"]
[WhiteElo "2105"]
[BlackElo "2040"]

1. d4 d5 2. c4 c6 3. Nc3 Nf6 4. Nf3 e6 5. Bg5 h6 6. Bh4 g5 7. Bg3 dxc4 8. e4 b5 9. Be2 Nbd7 10. d5 b4 11. dxe6 fxe6 12. Ne5 Nxe5 13.
Bxe5 Qxd1+ 14. Nxd1 Be7 15. Bxc4 O-O 16. f3 Bc5 17. Nf2 Bxf2+ 0-1

[Event "British Rapidplay Championship 2023"]
[Site "Mercure Bradford, Bankfield Hotel"]
[Date "2023.04.15"]
[Round "6.15"]
[White "Hutchinson, Paul A"]
[Black "Hall, James"]
[Result "1-0"]
[TimeControl "15 minutes plus 10 seconds per move"]
[WhiteElo "2184"]
[BlackElo "1809"]

1. d4 Nf6 2. Bf4 c5 3. e3 Qb6 4.
Nc3 Qxb2 5. Nb5 cxd4 6. Nc7+ Kd8 7. Qxd4 Qxd4 8. exd4 Nh5 9. Be5 f6 10. Nxa8 fxe5 11. dxe5 e6 12. Ne2 g6 13.
g4 Ng7 14. Bg2 Nc6 15. f4 Bc5 16. O-O-O Ke7 17. Rd3 b6 18. Rhd1 h5 19. Nc7 a6 20. f5 gxf5 21. Bxc6 dxc6 22.
g5 b5 23. Nf4 Re8 24. Nxe8 Nxe8 25. Nxh5 Nc7 26. Rd8 Be3+ 27. Kb1 Nd5 28. R1xd5 exd5 29. Rxc8 f4 30. Rxc6 1-0

[Event "British Rapidplay Championship 2023"]
[Site "Mercure Bradford, Bankfield Hotel"]
[Date "2023.04.15"]
[Round "6.18"]
[White "Quilter, Thomas A"]
[Black "Bak, Andrew"]
[Result "1-0"]
[TimeControl "15 minutes plus 10 seconds per move"]
[WhiteElo "2134"]
[BlackElo "1959"]

1. e4 c5 2. Nf3 Nc6 3. c3 e6 4. Bd3 d5 5. e5 f6 6. Qe2 fxe5 7. Nxe5 Nxe5 8. Qxe5 Nf6 9. Bb5+ Kf7 10.
d4 Bd6 11. Qe2 cxd4 12. cxd4 Bd7 13. Bd3 Rf8 14. Nd2 Kg8 15. O-O Qc7 16. Nf3 Kh8 17. Ne5 Bxe5 18. dxe5 Ne4 19. f4 Bc6 20.
Be3 a6 21. a4 Qd7 22. Bc2 d4 23. Rfd1 Qe7 24. Rxd4 Nc5 25. Rd6 Ne4 26. Rxc6 bxc6 27. Bxe4 Rab8 28. Rc1 Qb4 29. Bc5 1-0

[Event "British Rapidplay Championship 2023"]
[Site "Mercure Bradford, Bankfield Hotel"]
[Date "2023.04.15"]
[Round "6.19"]
[White "Smith, Andrew P"]
[Black "Vijayakumar, Rishi"]
[Result "1-0"]
[TimeControl "15 minutes plus 10 seconds per move"]
[WhiteElo "2125"]
[BlackElo "1770"]

1. e4 c6 2. d4 d5 3. e5 Bf5 4. c4 e6 5. Nc3 Bb4 6. a3 Bxc3+ 7. bxc3 Ne7 8. c5 b6 9. cxb6 axb6 10.
Ne2 b5 11. Ng3 Nd7 12. Nxf5 Nxf5 13. Bd3 Qa5 14. Bd2 Nb6 15. Qg4 h5 16. Qg5 g6 17. Bxf5 gxf5 18. Qg7 Rf8 19. c4 Qa4 20.
O-O dxc4 21. Bb4 Nd7 22. Qg5 f6 23. exf6 O-O-O 24. Bxf8 Rxf8 25. Qe3 Rxf6 26. Rfe1 f4 27. Qe4 Kc7 28.
Qh7 c3 29. Qd3 Qb3 30. Reb1 Qd5 31. Qxc3 Rg6 32. f3 h4 33. h3 Nb6 34. Re1 Nc4 35. a4 b4 36. Qxb4 Qxd4+ 37. Kh1 c5 38.
Qb1 Ne3 39. Qxg6 Qb2 40. Rab1 Qf2 41. a5 Nf5 42. Qf7+ Kc6 43. Qxe6+ Kc7 44. Qxf5 Qd4 45. Qe5+ 1-0

[Event "British Rapidplay Championship 2023"]
[Site "Mercure Bradford, Bankfield Hotel"]
[Date "2023.04.15"]
[Round "6.20"]
[White "Zhao, George"]
[Black "Bak, Christopher"]
[Result "0-1"]
[TimeControl "15 minutes plus 10 seconds per move"]
[WhiteElo "1675"]
[BlackElo "2116"]

1. d4 Nf6 2. Nf3 c5 3. g3 cxd4 4. Nxd4 d5 5. Bg2 e5 6. Nf3 Nc6 7. O-O Be7 8. e3 O-O 9. c4 dxc4 10.
Qe2 Qd5 11. Rd1 Qc5 12. h3 h6 13. Nfd2 Rd8 14. Nc3 Be6 15. Nde4 Nxe4 16. Nxe4 Qb6 17. Bd2 Bb4 18. Bxb4 Nxb4 19.
Nc3 Nd3 20. b3 Rac8 21. bxc4 Bxc4 22. Rab1 Qa5 23. Qc2 Ba6 24. Rb3 Nc5 25. Rb2 Rxd1+ 26. Nxd1 Qe1+ 27. Kh2 b6 28. Be4 Nxe4 29.
Qxe4 Qxd1 30. Qf5 Bb7 31. e4 Rc1 32. Qc8+ Bxc8 33. Rxb6 Qh1# 0-1

[Event "British Rapidplay Championship 2023"]
[Site "Mercure Bradford, Bankfield Hotel"]
[Date "2023.04.15"]
[Round "6.21"]
[White "Larchikov, Maksym"]
[Black "Lloyd, Stephen M"]
[Result "1-0"]
[TimeControl "15 minutes plus 10 seconds per move"]
[WhiteElo "1871"]
[BlackElo "1742"]

1. d4 Nf6 2. Nf3 g6 3. c4 Bg7 4. Nc3 d6 5. e4 O-O 6. Be2 c5 7. d5 e6 8. O-O exd5 9. cxd5 Re8 10.
Qc2 Nbd7 11. Bf4 Qe7 12. Rfe1 Nh5 13. Bg5 Qf8 14. Nb5 f6 15. Bd2 Re7 16. Nc7 Rb8 17. Ne6 Qf7 18. g4 Ne5 19.
Nxe5 fxe5 20. gxh5 Bxe6 21. dxe6 Qf6 22. h6 Bf8 23. Qc3 Kh8 24. f4 Bxh6 25. fxe5 Qh4 26. Bxh6 Qxh6 27. exd6+ Rg7 28.
Rf1 Qg5+ 29. Kh1 h5 30. Rf7 Rbg8 31. e7 1-0

[Event "British Rapidplay Championship 2023"]
[Site "Mercure Bradford, Bankfield Hotel"]
[Date "2023.04.15"]
[Round "6.22"]
[White "Mata, Andrew B"]
[Black "Mikalajunas, Kajus"]
[Result "0-1"]
[TimeControl "15 minutes plus 10 seconds per move"]
[WhiteElo "1659"]
[BlackElo "1778"]

1. d4 Nf6 2. c4 c5 3. d5 e6 4. dxe6 fxe6 5. Nc3 d5 6. cxd5 exd5 7. e3 Nc6 8. Nf3 d4 9. exd4 cxd4 10.
Qe2+ Be7 11. Ne4 Nxe4 12. Qxe4 O-O 13. Bc4+ Kh8 14. O-O Bf5 15. Qd5 Qxd5 16. Bxd5 Rad8 17. Bb3 h6 18. a3 Bf6 19.
Bd2 Be4 20. Rac1 Bxf3 21. gxf3 d3 22. Ba4 Bxb2 23. Rb1 Bxa3 24. Rxb7 Nd4 25. Bc3 Ne2+ 0-1

[Event "British Rapidplay Championship 2023"]
[Site "Mercure Bradford, Bankfield Hotel"]
[Date "2023.04.15"]
[Round "6.23"]
[White "Buckley, Colm"]
[Black "Brencher, Paul"]
[Result "1/2-1/2"]
[TimeControl "15 minutes plus 10 seconds per move"]
[WhiteElo "1870"]
[BlackElo "1929"]

1. d4 e6 2. c4 Nf6 3. Nf3 Bb4+ 4. Bd2 Qe7 5. a3 Bxd2+ 6. Nbxd2 d6 7. e3 Nbd7 8. Qc2 O-O 9. Bd3 e5 10.
O-O Re8 11. e4 Nh5 12. dxe5 dxe5 13. b4 a5 14. c5 Nf4 15. Bc4 Nf6 16. Ng5 Ne6 17. Nxe6 Bxe6 18. f3 Red8 19. Nb3 a4 20.
Na5 Rxa5 21. Bxe6 Raa8 22. Bc4 1/2-1/2

[ePGN "0.1;DGT LiveChess/2.2.5"]

[Event "British Rapidplay Championship 2023"]
[Site "Mercure Bradford, Bankfield Hotel"]
[Date "2023.04.16"]
[Round "7.1"]
[White "Makkar, Rajat"]
[Black "Ghasi, Ameet K"]
[Result "0-1"]
[TimeControl "15 minutes plus 10 seconds per move"]
[WhiteElo "2297"]
[BlackElo "2631"]

1. d4 Nf6 2. Nc3 d5 3. Bf4 e6 4. Nb5 Bb4+ 5. c3 Ba5 6. b4 Bb6 7. a4 a5 8. e3 O-O 9. Nf3 Qe7 10. Qb3 Nc6 11. Rb1 Nh5 12. bxa5 Nxa5 13.
Qa3 Qxa3 14. Nxa3 Nxf4 15. exf4 Nc6 16. Bb5 Ne7 17. Kd2 Nf5 18. Nc2 Nd6 19. Rb3 Ne4+ 20. Ke3 Ba5 21. c4 c6 22. cxd5 cxb5 23. dxe6 Bxe6 24. Rxb5 Nd6 25. Rbb1 Bf5 26.
Rhc1 Rfe8+ 27. Ne5 f6 28.
Kf3 fxe5 29. dxe5 Nc4 30. Rxb7 Nd2+ 31. Ke2 Rad8 32. f3 Bd3+ 33. Kf2 Rc8 34. Rb2 Rc7 35. Ne1 Rxc1 36. Nxd3 Rc4 37.
Ke2 Rxa4 38. g4 Rd4 39. Rb5 Nc4 40. f5 Nxe5 41. Rxe5 Rxe5+ 42. Nxe5 Bc7 0-1

[Event "British Rapidplay Championship 2023"]
[Site "Mercure Bradford, Bankfield Hotel"]
[Date "2023.04.16"]
[Round "7.2"]
[White "Gormally, Daniel W"]
[Black "Hryshchenko, Kamila"]
[Result "1/2-1/2"]
[TimeControl "15 minutes plus 10 seconds per move"]
[WhiteElo "2570"]
[BlackElo "2019"]

1. e4 d6 2. d4 g6 3. Nc3 Bg7 4. Be3 a6 5. Qd2 Nd7 6. h4 h6 7. O-O-O b5 8. f3 c6 9. Kb1 Qc7 10.
Nge2 Nb6 11. Ng3 b4 12. Nce2 Nc4 13. Qd3 Nxe3 14. Qxe3 Qa5 15. Nc1 Nf6 16. Be2 h5 17. f4 Ng4 18. Bxg4 Bxg4 19. Rd2 O-O 20. e5 Rac8 21. Ne4 c5 22. dxc5 dxe5 23.
fxe5 Bxe5 24. Nf2 Bf6 25. Nxg4 hxg4 26. Nd3 Kg7 27. h5 Rh8 28. h6+ Kh7 29. Rf2 Rhd8 30. Rf4 Rxd3 31. Qxd3 Rxc5 32.
Qb3 Rd5 33. Rxb4 Qd8 34. a3 e6 35. Rb7 Rd1+ 36. Rxd1 Qxd1+ 37. Ka2 Kxh6 38. Rxf7 Qd4 39. c3 Qe5 40. Qc4 g3 41. Rd7 a5 42. Rc7 Qf5 43. Rc5 Qf2 44.
Qxe6 Qxc5 45. Qxf6 Qd5+ 46. Ka1 Qd1+ 47. Ka2 Qd5+ 48. Ka1 1/2-1/2

[Event "British Rapidplay Championship 2023"]
[Site "Mercure Bradford, Bankfield Hotel"]
[Date "2023.04.16"]
[Round "7.3"]
[White "Senior, Gary"]
[Black "Cook, Phil"]
[Result "1/2-1/2"]
[TimeControl "15 minutes plus 10 seconds per move"]
[WhiteElo "1911"]
[BlackElo "2126"]

1. e4 d6 2. d4 Nf6 3. Nc3 e5 4.
Nge2 exd4 5. Nxd4 Be7 6. Be2 O-O 7. Be3 Re8 8. Qd2 d5 9. exd5 Bb4 10. Bf3 Bxc3 11. Qxc3 Nxd5 12. Bxd5 Qxd5 13.
O-O Nc6 14. a4 a6 15. Nxc6 Qxc6 16. Qxc6 bxc6 17. Rfe1 Bf5 1/2-1/2

[Event "British Rapidplay Championship 2023"]
[Site "Mercure Bradford, Bankfield Hotel"]
[Date "2023.04.16"]
[Round "7.4"]
[White "Lau, Luke"]
[Black "Dong, Bao Nghia"]
[Result "0-1"]
[TimeControl "15 minutes plus 10 seconds per move"]
[WhiteElo "1917"]
[BlackElo "2331"]

1. e4 e6 2. d4 d5 3. Nd2 c5 4. Ngf3 cxd4 5. exd5 Qxd5 6. Bc4 Qd6 7. O-O Nf6 8. Nb3 Nc6 9. Nbxd4 Nxd4 10. Qxd4 Bd7 11. Bf4 Qxd4 12.
Nxd4 Rc8 13. Bb3 Bc5 14. Nf3 O-O 15. Rad1 Bc6 16. Ne5 Be4 17. Nd7 Nxd7 18. Rxd7 h6 19. c3 b5 20. Rfd1 a5 21.
a3 a4 22. Ba2 Bc2 23. Rc1 Rfd8 24.
Rxd8+ Rxd8 25. h3 Bb3 26. Bxb3 axb3 27. Re1 g5 28. Bc1 f6 29. Kf1 e5 30. Be3 Bf8 31. g4 Kf7 32. Ke2 Ke6 33.
Rd1 Rxd1 34. Kxd1 f5 35. f3 f4 36. Bc1 Kd5 37. Ke2 e4 38. fxe4+ Kxe4 39. Bd2 Bc5 40. Be1 f3+ 41. Kf1 Be3 42.
c4 bxc4 43. Bc3 Bd4 44. Bxd4 Kxd4 45. a4 Kc5 46. Kf2 c3 0-1

[Event "British Rapidplay Championship 2023"]
[Site "Mercure Bradford, Bankfield Hotel"]
[Date "2023.04.16"]
[Round "7.5"]
[White "Eckersley-Waites, Tom"]
[Black "Sivanandan, Bodhana"]
[Result "1-0"]
[TimeControl "15 minutes plus 10 seconds per move"]
[WhiteElo "2304"]
[BlackElo "1561"]

1. d4 d5 2. c4 c6 3. Nf3 Nf6 4. Nc3 e6 5. g3 dxc4 6. Bg2 b5 7. Ne5 Nd5 8. O-O Be7 9. e4 Nxc3 10.
bxc3 O-O 11. a4 Bb7 12. Rb1 Qa5 13. Nxc4 Qxc3 14. Ne5 Qa5 15. Bf4 Rd8 16. Bh3 g6 17. Bh6 Nd7 18. Nxf7 Kxf7 19.
Qf3+ Nf6 20. e5 Rd7 21. exf6 Bxf6 22. Rfe1 Re8 23. Qb3 Rde7 24. Bf4 Qd8 25. Bg2 Qxd4 26. axb5 cxb5 27. Qxb5 Bxg2 28.
Kxg2 Qd5+ 29. Kg1 Qxb5 30. Rxb5 e5 31. Be3 a6 32. Ra5 Re6 33. Rea1 Ra8 34. Rb1 Rae8 35. Kg2 h5 36. Kf3 e4+ 37. Ke2 Rd6 38. Rb7+ Re7 39. Rb3 Red7 40. Bf4 Re6 41.
Be3 Red6 42. Rba3 Ke6 43. Rxa6 Rxa6 44. Rxa6+ Rd6 45. Ra4 Kf5 46. Ra5+ Ke6 47. h3 Rd5 48. Ra8 Rd8 49. Ra4 Kf5 50.
Ra5+ Ke6 51. g4 hxg4 52. hxg4 Rd5 53. Ra6+ Rd6 54. Ra4 Kd5 55. Bf4 Rc6 56. Ra5+ Rc5 57. Ra2 Be5 58. Be3 Rc3 59. Ra5+ Kd6 60. Ra4 Kd5 61. Ra5+ Kd6 62. Kf1 Rc4 63. Kg2 Rc8 64.
Ra6+ Rc6 65. Ra8 Kd5 66. Kh3 Bf6 67. Kg3 Be5+ 68. Kh4 Bf6+ 69. Bg5 Be5 70. Ra5+ Ke6 71. Ra4 Kd5 72. Ra5+ Ke6 73.
Be3 Bf6+ 74. Kg3 Be5+ 75. Kh3 Rc3 76. Ra6+ Kf7 77. Ra4 Bf4 78. Rxe4 Bxe3 79. fxe3 Kf6 80. Kg3 g5 81. Kf3 Rb3 82.
Ra4 Rb6 83. Ra5 Kg6 84. Rd5 Kf6 85. Ke4 Rb4+ 86. Rd4 Rb5 87. Rd6+ Kg7 88. Rd5 Rb4+ 89. Kf5 Rb3 90. Re5 Kf7 91.
Kxg5 Rb1 92. Ra5 Re1 93. Ra7+ Ke6 94. Ra6+ Kf7 95. Ra3 Re2 96. Kf5 Rf2+ 97. Ke5 Kg6 98. Ra6+ Kg5 99. e4 Kxg4 100. Rg6+ Kh5 101. Rg1 Ra2 102.
Kf5 Rf2+ 103. Ke6 Ra2 104. e5 Ra6+ 105. Kf5 Kh6 106. e6 Ra8 107. Kf6 Rf8+ 108. Ke7 Rf2 109. Kd7 Rd2+ 110. Ke8 Kh7 111. e7 Ra2 112.
Rg4 Re2 113. Kf7 Rf2+ 114. Ke6 Re2+ 115. Kf6 Kh8 116. Rg5 Rxe7 117. Kxe7 Kh7 118. Kf6 Kh6 119. Rf5 Kh7 120. Kf7 Kh6 121.
Re5 Kh7 122. Rh5 1-0

[Event "British Rapidplay Championship 2023"]
[Site "Mercure Bradford, Bankfield Hotel"]
[Date "2023.04.16"]
[Round "7.8"]
[White "Kisteneva, Liza"]
[Black "Walker, David J"]
[Result "1-0"]
[TimeControl "15 minutes plus 10 seconds per move"]
[WhiteElo "2040"]
[BlackElo "2250"]

1. c4 Nf6 2. Nc3 e6 3. d4 d5 4. cxd5 exd5 5. Bg5 c6 6. Qc2 Be7 7. e3 h6 8. Bh4 O-O 9. Bd3 a5 10.
h3 Na6 11. a3 Nc7 12. Nge2 Re8 13. Bg3 Bd6 14. Bh4 Be7 15. Bg3 Ne6 16. Rb1 Ng5 17. O-O Bd6 18. Bxd6 Qxd6 19. Ng3 Bd7 20.
Na4 Rxe3 21. h4 Rxg3 22. fxg3 Nge4 23. Bxe4 Nxe4 24. Nc5 Nxc5 25. dxc5 Qxg3 26. Qf2 Qg6 27. Rbe1 Be6 28. Re3 Rd8 29.
Rg3 Qh7 30. Qd4 Kh8 31. h5 Rd7 32. Rf6 a4 33. Qxa4 d4 34. Qa8+ Qg8 35. Rxh6+ 1-0

[Event "British Rapidplay Championship 2023"]
[Site "Mercure Bradford, Bankfield Hotel"]
[Date "2023.04.16"]
[Round "7.9"]
[White "Mazek, Marek"]
[Black "Wells, Peter K"]
[Result "0-1"]
[TimeControl "15 minutes plus 10 seconds per move"]
[WhiteElo "2052"]
[BlackElo "2466"]

1. e4 c5 2. Nc3 Nc6 3. f4 g6 4. Bb5 Nd4 5. Nf3 Bg7 6. O-O a6 7. Bc4 b5 8. Bd5 Rb8 9. d3 e6 10.
Bb3 Ne7 11. Nxd4 cxd4 12. Ne2 O-O 13. Qe1 Bb7 14. Kh1 a5 15. a4 b4 16. Qf2 Qb6 17. Rb1 Ba8 18. Bd2 Kh8 19. Qh4 Qd8 20.
Rf3 Nc6 21. Qf2 f5 22. e5 d6 23. exd6 Qxd6 24. Rh3 Bf6 25. Re1 Rbe8 26. c3 bxc3 27. bxc3 Rb8 28. Bc4 Rb2 29. Bc1 dxc3 30.
Bxb2 cxb2 31. Rb1 Qa3 32. d4 Qxa4 33.
Bb3 Qb4 34. Bxe6 Nxd4 35. Nxd4 Qxd4 36. Qxd4 Bxd4 37. Ra3 Be4 38. Rxb2 Bxb2 39. Rxa5 Rd8 40. Bb3 Bc1 0-1

[Event "British Rapidplay Championship 2023"]
[Site "Mercure Bradford, Bankfield Hotel"]
[Date "2023.04.16"]
[Round "7.10"]
[White "Mikalajunas, Kajus"]
[Black "Arkell, Keith C"]
[Result "1/2-1/2"]
[TimeControl "15 minutes plus 10 seconds per move"]
[WhiteElo "1778"]
[BlackElo "2447"]

1. e4 c6 2. Nf3 d5 3. Nc3 Bg4 4. Be2 dxe4 5. Nxe4 Nd7 6. O-O Ngf6 7. Ng3 e6 8. d4 Be7 9. h3 Bxf3 10.
Bxf3 O-O 11. c4 Qc7 12. Qe2 Rfe8 13. Rd1 Rad8 14. Be3 c5 15. d5 exd5 16. cxd5 Nb6 17. Qb5 Qd7 18. Qxd7 Rxd7 19.
Nf5 Bf8 20. d6 g6 21. Ne7+ Bxe7 22. dxe7 Rexe7 23. Bxc5 1/2-1/2

[Event "British Rapidplay Championship 2023"]
[Site "Mercure Bradford, Bankfield Hotel"]
[Date "2023.04.16"]
[Round "7.11"]
[White "Clark, Robert G"]
[Black "Ashton, Adam G"]
[Result "0-1"]
[TimeControl "15 minutes plus 10 seconds per move"]
[WhiteElo "2008"]
[BlackElo "2390"]

1. c4 e5 2. g3 Nf6 3. Bg2 c6 4. e3 d5 5. Ne2 dxc4 6. a4 Na6 7. O-O Nb4 8. f4 Bd6 9. Na3 Be6 10. fxe5 Bxe5 11. Nf4 Bxf4 12.
Rxf4 Nfd5 13. Re4 O-O 14. Qf1 Qd7 15. Rxc4 a5 16. Rd4 c5 17. Rh4 Ne7 18. d4 Ng6 19. Rh5 cxd4 20. exd4 Qxd4+ 21. Qf2 Qd1+ 22. Qf1 Qxh5 0-1

[Event "British Rapidplay Championship 2023"]
[Site "Mercure Bradford, Bankfield Hotel"]
[Date "2023.04.16"]
[Round "7.13"]
[White "Shaw, Peter"]
[Black "McCarthy, Damian M"]
[Result "0-1"]
[TimeControl "15 minutes plus 10 seconds per move"]
[WhiteElo "2231"]
[BlackElo "1860"]

1. d4 Nf6 2. c4 e6 3. Nf3 Bb4+ 4. Nbd2 b6 5. a3 Bxd2+ 6. Qxd2 a5 7. b3 Bb7 8. g3 d6 9. Bg2 Nbd7 10.
O-O O-O 11. Bb2 Be4 12. Rfe1 Qc8 13. Qc3 Qb7 14. Bf1 Rad8 15. Nd2 Bg6 16. Bg2 Ne4 17. Nxe4 Bxe4 18. f3 Bg6 19. e4 e5 20.
d5 f5 21. Bh3 fxe4 22. fxe4 Rf6 23. b4 axb4 24. axb4 c5 25. b5 Rff8 26. Bg2 Ra8 27. Qe3 Nf6 28. h3 Rxa1 29. Rxa1 Ra8 30.
Ra3 Rxa3 31. Qxa3 Bxe4 32. Bf1 Bf5 33. Kh2 h6 34. Bc1 Kh7 35. g4 Bc8 36. g5 hxg5 37. Bxg5 Bf5 38. Qg3 Qd7 39.
Qh4+ Kg8 40. Bxf6 gxf6 41. Qxf6 e4 42. Be2 Qh7 43. Qd8+ Kg7 44. Qe7+ Kg8 45. Qe8+ Kg7 46. Bh5 Kf6 47.
Qd8+ Ke5 48. Qe8+ Kd4 0-1